 Dungeon Crawl Stone Soup version 0.29.1-1-gd02db69 (webtiles) character file.

Game seed: 16696860329460109527

39 mallonox the Trooper (level 3, -2/36 HPs)
             Began as a Gargoyle Berserker on Dec 18, 2022.
             Was a Follower of Trog.
             Slain by a worm (5 damage)
             ... on level 2 of the Dungeon.
             The game lasted 00:04:37 (1437 turns).

mallonox the Trooper (Gargoyle Berserker)           Turns: 1437, Time: 00:04:38

Health: -2/36      AC:  5    Str: 22    XL:     3   Next: 47%
Magic:  3/3        EV: 12    Int:  7    God:    Trog [*.....]
Gold:   34         SH:  0    Dex:  9    Spells: 2/2 levels left

rFire   . . .      SeeInvis .   a - +0 mace
rCold   + . .      Faith    .   (no shield)
rNeg    + . .      Spirit   .   b - +0 animal skin
rPois   ∞          Reflect  .   (no helmet)
rElec   +          Harm     .   (no cloak)
rCorr   .          Rampage  .   (no gloves)
Will    .....                   (no boots)
Stlth   ..........              (no amulet)
HPRegen 0.12/turn               j - ring of protection from cold
MPRegen 0.08/turn               (no ring)

@: berserking (expiring), very quick
A: sickness immunity, AC +3, negative energy resistance 1, electricity
resistance, torment resistance 1, petrification resistance
a: Renounce Religion, Berserk


You were on level 2 of the Dungeon.
You worshipped Trog.
Trog was aware of your devotion.
You visited 1 branch of the dungeon, and saw 2 of its levels.

You collected 34 gold pieces.

Inventory:

Hand Weapons
 a - a +0 mace (weapon)
Missiles
 g - 10 stones (quivered)
Armour
 b - a +0 animal skin (worn)
 e - a +0 scale mail
Jewellery
 j - a ring of protection from cold (left hand)
Scrolls
 c - a scroll of teleportation {unknown}
 f - 2 scrolls of poison {unknown}
 h - a scroll of identify {unknown}
 i - 2 scrolls of torment {unknown}
Potions
 d - 3 potions of heal wounds {unknown}


   Skills:
 * Level 4.6 Fighting
 - Level 3.0 Maces & Flails
 + Level 2.3 Armour
 + Level 1.8 Dodging
 + Level 0.1 Stealth


You had 2 spell levels left.
You didn't know any spells.
Your spell library was empty.

Dungeon Overview and Level Annotations

Branches:
Dungeon (2/15)

Altars:

Annotations:
D:2 Terence


Innate Abilities, Weirdness & Mutations

You are immune to sickness and miasma.
Your stone body is resilient. (AC +3)
You are immune to poison.
You resist negative energy. (rN+)
You are resistant to electric shocks. (rElec)
You are resistant to unholy torment.
You are immune to petrification.


Message History

Terence closely misses you.
A red film seems to cover your vision as you go berserk!
You feel yourself moving faster!
You feel mighty! Terence barely misses you.
You hit Terence.
Terence is moderately wounded.
Terence hits you with a +0 trident.
You hit Terence but do no damage.
Terence is moderately wounded.
Terence closely misses you.
You hit Terence but do no damage.
Terence is moderately wounded.
Terence closely misses you.
You closely miss Terence.
Terence is moderately wounded.
Terence barely misses you.
You hit Terence.
Terence is heavily wounded.
The worm barely misses you.
You barely miss Terence.
Terence is heavily wounded.
Terence closely misses you.
You barely miss Terence.
Terence is heavily wounded.
Terence hits you with a +0 trident! The worm bites you.
You barely miss Terence.
Terence is heavily wounded.
Terence hits you with a +0 trident!
* * * LOW HITPOINT WARNING * * *
You hit Terence.
Terence is heavily wounded.
The worm closely misses you. Terence hits you with a +0 trident.
* * * LOW HITPOINT WARNING * * *
You hit Terence but do no damage.
Terence is heavily wounded.
You hit Terence.
Terence is severely wounded.
Terence hits you with a +0 trident.
* * * LOW HITPOINT WARNING * * *
The worm bites you.
You die...

# .......) ..
...... #...<
..g###
......########
#...... ..g.<#
##...........#
##..... ..g...#
............# ##
#..### ...##.#
#..........##...
.S.# ... .#
#......(.....#
.### ##
..>###.........#
#.......|.@@...#
#)###....w....#
.# #.........#
................
..##.............
.. ######....##.#
. #...## :# #....
. ....?#


You could see Terence and a worm.

Vanquished Creatures
  A gnoll (D:1)
  An adder (D:2)
  2 bats (D:1)
  An endoplasm (D:1)
  A giant cockroach (D:1)
  2 goblins (D:1)
  5 hobgoblins
  2 kobolds (D:1)
  A quokka (D:1)
  A ball python (D:1)
  A frilled lizard (D:1)
18 creatures vanquished.

Notes
Turn   | Place    | Note
-------+----------+-------------------------------------------
     0 | D:1      | mallonox the Gargoyle Berserker began the quest for the
                  | Orb.
     0 | D:1      | Reached XP level 1. HP: 14/14 MP: 1/1
   284 | D:1      | Reached XP level 2. HP: 19/20 MP: 2/2
   362 | D:1      | Reached skill level 4 in Fighting
  1008 | D:2      | Noticed Terence
  1101 | D:2      | Reached XP level 3. HP: 21/24 MP: 3/3
  1437 | D:2      | Slain by a worm

Illustrated notes

Levels and vault maps discovered:
D:1:      minmay_arrival_cross, layout_basic, nicolae_eternal_life
D:2:      layout_rooms, hellmonk_ecumenical_altar_lost_god, minivault_24,
          uniq_terence

Skill      XL: |  1  2 |
---------------+-------+-----
Fighting       | 4 |  4.6
Maces & Flails | |  3.0
Armour         | |  2.3
Dodging        | |  1.8
Stealth        | |  0.1

Action                   || total
-------------------------++-------
Melee: Mace              ||    75
Invok: Berserk           ||     2
Armor: Animal skin       ||    25
Dodge: Dodged            ||    49
